 Dungeon Crawl Stone Soup version 0.25.1-1-g288607f (webtiles) character file.

Game seed: 4550515030414690492

9 araganzar the Skirmisher (level 2, 26/26 HPs)
             Began as a Minotaur Abyssal Knight on Dec 3, 2020.
             Was a Follower of Lugonu.
             Quit the game on level 1 of the Dungeon.
             The game lasted 00:01:52 (892 turns).

araganzar the Skirmisher (Minotaur Abyssal Knight)   Turns: 892, Time: 00:01:53

Health: 26/26      AC:  4    Str: 16    XL:     2   Next: 3%
Magic:  2/2        EV: 11    Int:  9    God:    Lugonu [*.....]
Gold:   59         SH:  0    Dex:  9    Spells: 1/1 levels left

rFire    . . .     SeeInvis .   l - -3 hunting sling (curse)
rCold    . . .     Gourm    .   (no shield)
rNeg     . . .     Faith    .   b - +1 leather armour
rPois    .         Spirit   .   (helmet restricted)
rElec    .         Reflect  .   (no cloak)
rCorr    .         Harm     .   (no gloves)
MR       .....                  (no boots)
Stlth    ..........             (no amulet)
HPRegen  0.08/turn              h - ring of attention (curse)
MPRegen  0.08/turn              (no ring)

@: no status effects
A: retaliatory headbutt, horns 2
a: Depart the Abyss, Renounce Religion


You were on level 1 of the Dungeon.
You worshipped Lugonu.
Lugonu was aware of your devotion.
You were not hungry.

You visited 1 branch of the dungeon, and saw 1 of its levels.
You visited the Abyss 1 time.

You collected 59 gold pieces.


Innate Abilities, Weirdness & Mutations

You reflexively headbutt those who attack you in melee.
You have a pair of horns on your head.


   Skills:
 - Level 3.6 Fighting
 + Level 2.8 Polearms
 + Level 2.8 Armour
 - Level 1.1 Dodging
 + Level 2.1 Invocations


You had one spell level left.
You didn't know any spells.
Your spell library was empty.

Inventory:

Hand Weapons
 a - a +2 spear
 l - a cursed -3 hunting sling (weapon)
   (You found it on level 1 of the Dungeon)
Missiles
 k - 18 sling bullets (quivered)
 n - a throwing net {=f, !d}
Armour
 b - a +1 leather armour (worn)
Jewellery
 h - a cursed ring of attention (left hand)
   (You found it on level 1 of the Dungeon)
Potions
 d - a potion of curing {unknown}
 e - 2 potions of haste {unknown}
 g - a potion of degeneration {!q}
 j - a potion of stabbing {unknown}
 o - a potion of mutation {unknown}
Comestibles
 c - 2 rations

#.##.## ##.......#
#.*### ##.....##
#.* ##...## #.*
##'## #.* ### #.#
#l* ##.###.### #.*
####.#....[.##
#.####...###.......
#.@.....## ##>...##
######.#.###.....#
#.##.#.##...#
#.###..#..### #.#
#...#.# #.#######.#
#.........#
###########


You could see a frilled lizard.


Message History

Aim: a bat You shoot a sling bullet.
The sling bullet hits the bat!
You kill the bat!
Lugonu accepts your kill.
You have reached level 2!
Health restored: 26; MP restored: 2 Unknown command.
k - 15 sling bullets (gained 1)
You see here a bat corpse.
k - 16 sling bullets (gained 1)
k - 17 sling bullets (gained 1)
k - 18 sling bullets (gained 1)
You see here a frilled lizard corpse.
You see here a dagger.
Found a stone staircase leading down.
Found 5 atropa-tipped darts.
Found a scroll labeled CERCHERCHOLA.
f - a scroll labeled CERCHERCHOLA
Found a scroll labeled RILYKU CYMACH.
i - a scroll labeled RILYKU CYMACH
Found a fizzy dark potion.
Found a tower shield.
j - a fizzy dark potion A frilled lizard comes into view.
The frilled lizard hisses angrily.
As you read the scroll labeled RILYKU CYMACH, it crumbles to dust.
It is a scroll of identify.
g - a potion of degeneration
As you read the scroll labeled CERCHERCHOLA, it crumbles to dust.
You feel aware of your surroundings.
It was a scroll of magic mapping.

Action                   || total
-------------------------++-------
Melee: Spear             ||    12
 Fire: Hunting sling     ||     5
  Use: Scroll            ||     7
Armor: Leather armour    ||     1
Dodge: Dodged            ||     5

Levels and vault maps discovered:
D:1:      wander_arrival_estate, layout_loops_corners

Notes
Turn   | Place    | Note
-------+----------+-------------------------------------------
     0 | Abyss:1  | araganzar the Minotaur Abyssal Knight began the quest for
                  | the Orb.
     0 | Abyss:1  | Reached XP level 1. HP: 19/19 MP: 1/1
     2 | Abyss:1  | Found a corrupted altar of Lugonu.
    54 | Abyss:1  | Noticed an efreet
    72 | D:1      | Escaped the Abyss
   222 | D:1      | Reached skill level 2 in Invocations
   646 | D:1      | Reached XP level 2. HP: 26/26 MP: 2/2
   892 | D:1      | Quit the game

Vanquished Creatures
  A dart slug (D:1)
  A goblin (D:1)
  A hobgoblin (D:1)
  2 bats (D:1)
  2 frilled lizards (D:1)
7 creatures vanquished.
